 Dungeon Crawl Stone Soup version 0.31-a0-925-g0a390f2509 (webtiles) character file.

Game seed: 13556691515555285239

4120 DocEon the Severer (level 10, 0/77 HPs)
             Began as a Minotaur Berserker on Oct 18, 2023.
             Was a High Priest of Trog.
             Slain by a killer bee (1 damage)
             ... on level 8 of the Dungeon.
             The game lasted 00:06:57 (7354 turns).

DocEon the Severer (Minotaur Berserker)             Turns: 7354, Time: 00:06:57

Health: 0/77       AC: 10    Str: 24    XL:     10   Next: 6%
Magic:  9/9        EV: 10    Int:  6    God:    Trog [*****.]
Gold:   437        SH:  0    Dex: 10    Spells: 9/9 levels left

rFire   . . .        F - +1 battleaxe
rCold   . . .        (shield currently unavailable)
rNeg    . . .        k - +0 scale mail
rPois   .            (helmet restricted)
rElec   .            (no cloak)
rCorr   .            (no gloves)
SInv    .            (no boots)
Will    ++...        (no amulet) Stlth
                     C - +4 ring of protection
HPRegen 1.32/turn    (no ring)
MPRegen 0.11/turn

%: no passive effects
@: lethally poisoned (0 -> -21), strong-willed, regenerating
A: horns 2, retaliatory headbutt
a: Renounce Religion, Berserk, Trog's Hand, Brothers in Arms


You were on level 8 of the Dungeon.
You worshipped Trog.
Trog was extremely pleased with you.
You visited 1 branch of the dungeon, and saw 8 of its levels.
You also visited: Sewer and Ossuary.

You collected 437 gold pieces.

Inventory:

Hand Weapons
 a - a +1 hand axe of protection
 b - a +3 mace
 F - a +1 battleaxe (weapon)
Missiles
 w - 2 throwing nets
Armour
 k - a +0 scale mail (worn)
Jewellery
 c - a ring of magical power
 B - a ring of fire
 C - a +4 ring of protection (left hand)
Wands
 m - a wand of light (16)
 p - a wand of flame (28)
 E - a wand of polymorph (15)
Scrolls
 e - 4 scrolls of immolation
 i - 3 scrolls of amnesia
 l - a scroll of fog
 q - 4 scrolls of teleportation
 s - a scroll of butterflies
 x - a scroll of vulnerability
 y - a scroll of blinking
 z - a scroll of fear {unknown}
 A - a scroll of acquirement {unknown}
 D - a scroll of identify
Potions
 d - 3 potions of brilliance {unknown}
 f - 4 potions of lignification
 g - a potion of ambrosia {unknown}
 h - 4 potions of curing
 j - 2 potions of haste
 n - 3 potions of mutation {unknown}
 o - 4 potions of heal wounds {unknown}
 r - a potion of attraction {unknown}
 t - 2 potions of degeneration {unknown}
 u - a potion of might {unknown}
 v - 2 potions of enlightenment {unknown}


   Skills:
 - Level 3.6 Fighting
 * Level 17.2 Axes
 - Level 2.4 Armour
 - Level 2.1 Dodging


You had 9 spell levels left.
You didn't know any spells.
Your spell library was empty.

Dungeon Overview and Level Annotations

Branches:
Dungeon (8/15)             Temple (0/1) D:6           Sewer (visited)
Ossuary (visited)
   Lair: D:8-11

Altars:
Ashenzari
Dithmenos
Makhleb
Nemelex Xobeh
Trog
Yredelemnul
Zin

Shops:
D:3 =   D:4 *


Innate Abilities, Weirdness & Mutations

You have a pair of horns on your head.
You reflexively headbutt those who attack you in melee.


Message History

The killer bee barely misses you.
The killer bee stings you but does no damage.
You hit the killer bee. Your headbutt misses the killer bee.
The killer bee is heavily wounded.
You miss the killer bee.
You feel sick. The killer bee completely misses you. The killer bee stings you.
You are more poisoned.
The killer bee poisons you! The killer bee barely misses you.
You furiously retaliate!
You headbutt the killer bee, but do no damage.
The killer bee closely misses you.
You miss the killer bee. Your headbutt misses the killer bee.
The killer bee is heavily wounded.
You hit the killer bee.
You feel very sick.
The killer bee stings you but does no damage.
The killer bee stings you.
* * * LOW HITPOINT WARNING * * *
The killer bee barely misses you. The killer bee stings you.
* * * LOW HITPOINT WARNING * * *
You miss the killer bee.
The killer bee is heavily wounded.
You miss the killer bee.
You feel very sick.
The killer bee stings you but does no damage.
The killer bee stings you.
* * * LOW HITPOINT WARNING * * *
You are lethally poisoned!
The killer bee poisons you!
Your skin crawls.
You feel strong-willed.
You feel very sick. The killer bee stings you.
* * * LOW HITPOINT WARNING * * *
You are more poisoned.
The killer bee poisons you! The killer bee stings you.
* * * LOW HITPOINT WARNING * * *
You are more poisoned.
The killer bee poisons you! The killer bee stings you.
You die...

......# ##............
#....## #.............
##....## ##.......♣♣...#
#......###..#...........
....#.......##...♣.♣....
..###...##...#..♣♣......
.## #.#####.>...........
.# #.## ###....†......
## #...## ##...@y......
.# ##....##..##.y......
#####..##...............
.......##...............
........##...##.........
........#....##......#..
...........)..#.....## #
........#..#.......##
.......##..##........


You could see 2 killer bees.

Vanquished Creatures
  Grinder (D:3)
  Sigmund (D:5)
  3 yaks (D:8)
  2 water moccasins
  An orc warrior (D:8)
  Pargi (Sewer)
  A black bear (D:5)
  2 centaurs
  2 phantoms
  3 kobold brigands
  A bullfrog (D:6)
  4 scorpions
  9 wights
  2 killer bees (D:8)
  The ghost of awesomeguy42 the Grave Robber, a weakling HuNe (D:4)
  3 howler monkeys (D:7)
  2 hounds
  5 orc priests
  Jessica (D:2)
  5 iguanas
  Ijyb (D:3)
  Natasha (twice) (D:4)
  9 orc wizards
  Terence (D:3)
  11 mummies (Ossuary)
  13 adders
  9 gnolls
  3 white imps
  6 ufetubi
  A worm (D:3)
  4 dart slugs
  40 orcs
  8 ball pythons
  6 bats
  10 endoplasms
  10 giant cockroaches
  6 goblins
  8 hobgoblins
  28 kobolds
  5 quokkas
  2 frilled lizards
  2 gnoll skeletons (Ossuary)
  A goblin skeleton (Ossuary)
  4 kobold skeletons (Ossuary)
  An orc skeleton (Ossuary)
  9 rats
  11 rat skeletons (Ossuary)
261 creatures vanquished.

Vanquished Creatures (collateral kills)
  A wight (D:6)
  A kobold (D:6)
2 creatures vanquished.

Vanquished Creatures (others)
  A centaur (D:6)
  An iguana (D:6)
2 creatures vanquished.

Grand Total: 265 creatures vanquished

Notes
Turn   | Place    | Note
-------+----------+-------------------------------------------
     0 | D:1      | DocEon the Minotaur Berserker began the quest for the Orb.
     0 | D:1      | Reached XP level 1. HP: 19/19 MP: 0/0
    66 | D:1      | Reached skill level 4 in Axes
   293 | D:1      | Reached XP level 2. HP: 26/26 MP: 1/1
   613 | D:1      | Reached skill level 5 in Axes
   677 | D:1      | Reached ** piety under Trog
   881 | D:2      | Identified the +2 robe "Ilyitudi" {Str+2}
   911 | D:2      | Reached XP level 3. HP: 20/31 MP: 2/2
  1200 | D:2      | Reached skill level 6 in Axes
  1200 | D:2      | Reached XP level 4. HP: 37/39 MP: 3/3
  1261 | D:2      | Noticed Jessica
  1268 | D:2      | Killed Jessica
  1884 | D:3      | Reached skill level 7 in Axes
  1884 | D:3      | Reached XP level 5. HP: 45/45 MP: 4/4
  1951 | D:3      | Noticed Grinder
  1972 | D:3      | Killed Grinder
  1973 | D:3      | Reached skill level 8 in Axes
  1973 | D:3      | Reached XP level 6. HP: 51/51 MP: 5/5
  2010 | D:3      | Identified the +1 robe of Midnight {Harm rPois rF- rC+++}
  2124 | D:3      | Found Damitiucw's One-of-a-Kind Rings.
  2149 | D:3      | Noticed Terence
  2160 | D:3      | Killed Terence
  2275 | D:3      | Found a faded altar of an unknown god.
  2280 | D:3      | Reached skill level 9 in Axes
  2492 | D:3      | Noticed Ijyb
  2500 | D:3      | Killed Ijyb
  2612 | D:4      | Noticed Natasha
  2619 | D:4      | Killed Natasha
  2705 | D:4      | Reached XP level 7. HP: 56/57 MP: 6/6
  2772 | D:4      | Reached skill level 10 in Axes
  2933 | D:4      | Reached *** piety under Trog
  2969 | D:4      | Found a glowing drain.
  2980 | Sewer    | Entered a sewer
  2990 | Sewer    | Noticed Pargi
  2998 | Sewer    | Killed Pargi
  3244 | D:4      | Found a runed translucent gate.
  3246 | D:4      | Noticed awesomeguy42's ghost (weakling HuNe)
  3248 | D:4      | Found a runed translucent gate.
  3249 | D:4      | Found a runed translucent gate.
  3301 | D:4      | Found Olucilyfe's General Store.
  3569 | D:4      | Noticed Natasha
  3578 | D:4      | Killed Natasha
  3708 | D:4      | Reached skill level 11 in Axes
  3823 | D:4      | Killed awesomeguy42's ghost
  3882 | D:5      | Entered Level 5 of the Dungeon
  3893 | D:5      | Reached XP level 8. HP: 64/64 MP: 7/7
  3983 | D:5      | Reached skill level 12 in Axes
  3987 | D:5      | Noticed Sigmund
  4124 | D:6      | Reached skill level 13 in Axes
  4220 | D:6      | Reached **** piety under Trog
  4230 | D:6      | Reached skill level 14 in Axes
  4243 | D:6      | Reached XP level 9. HP: 70/70 MP: 8/8
  4493 | D:6      | Found a sand-covered staircase.
  4500 | Ossuary  | Entered an ossuary
  4739 | Ossuary  | Reached skill level 15 in Axes
  5369 | D:6      | You fall into a shaft and drop 2 floors!
  5455 | D:6      | Found a burning altar of Makhleb.
  5455 | D:6      | Found a basalt altar of Yredelemnul.
  5669 | D:6      | Found a glowing silver altar of Zin.
  5783 | D:6      | Found a staircase to the Ecumenical Temple.
  5985 | D:5      | Reached ***** piety under Trog
  5987 | D:5      | Killed Sigmund
  5988 | D:5      | Reached skill level 16 in Axes
  6060 | D:5      | Found a broken altar of Ashenzari.
  6497 | D:7      | Found a shadowy altar of Dithmenos.
  6554 | D:7      | Found a bloodstained altar of Trog.
  6864 | D:7      | Found a sparkling altar of Nemelex Xobeh.
  7220 | D:8      | Received a gift from Trog
  7222 | D:8      | Reached skill level 17 in Axes
  7222 | D:8      | Reached XP level 10. HP: 77/77 MP: 9/9
  7354 | D:8      | HP: 1/77 [killer bee (6)]
  7354 | D:8      | Slain by a killer bee

Illustrated notes

Levels and vault maps discovered:
D:1:      tekkud_arrival_beachfront_property, layout_loops_corners
D:2:      layout_basic, minmay_heptomino_o4, uniq_jessica
D:3:      layout_rooms, basic_ecumenical_altar, wad_woods_river_04,
          grunt_ministairs_13, nicolae_shop_unique_rings, uniq_terence,
          uniq_ijyb, uniq_grinder
D:4:      layout_loops_cross, gammafunk_ghost_nasty_kobolds,
          gup_sewer_entry_bubbles, serial_shops, nicolae_inconvenience_store,
          kennysheep_flooded_box, grunt_ministairs_5, uniq_natasha
D:5:      cheibrodos_helix_gallery, layout_loops_ring, lemuel_round_altar,
          uniq_sigmund
D:6:      layout_basic, amethyst_overflow_temple_binary, zin_academy,
          lemuel_temple_firewalk_b, nicolae_ossuary_entry_false_entrances,
          st_stairs_9, minmay_strange_pillars, ebering_dispersal_statue_hall,
          minivault_22, chequers_serial_rivers_micro_a
D:7:      layout_rooms, nicolae_dithmenos_shadow_blocks,
          mainiacjoe_overflow_24_doors, lemuel_crystal_altar
D:8:      layout_cave_pools, chequers_garden

Skill      XL: |  1  2  3  4  5  6  7  8  9 |
---------------+----------------------------+-----
Axes           | 4 5 6 7 8 9 11 14 17 | 17.2
Fighting       | |  3.6
Armour         | |  2.4
Dodging        | |  2.1

Action                     |  1- 3 |  4- 6 |  7- 9 | 10-12 || total
---------------------------+-------+-------+-------+-------++-------
  Melee: Hand axe          |    72 |   110 |   455 |    12 ||   649
         Headbutt          |    10 |     6 |    76 |     3 ||    95
         Punch             |       |     2 |     5 |       ||     7
         Battleaxe         |       |       |       |    15 ||    15
 Invoke: Berserk           |       |     2 |     7 |       ||     9
         Trog's Hand       |       |     2 |     1 |     1 ||     4
         Brothers in Arms  |       |       |     1 |       ||     1
    Use: Scroll            |       |     5 |    10 |       ||    15
   Stab: Sleeping          |     2 |       |       |       ||     2
 Armour: Animal skin       |    40 |     2 |       |       ||    42
         Scale mail        |       |    84 |   267 |    38 ||   389
  Dodge: Dodged            |    41 |    42 |   183 |    24 ||   290

Table legend: (Time is in decaauts)
 A = Elapsed time spent in this place.
 B = Non-inter-level travel time spent in this place.
 C = Inter-level travel time spent in this place.
 D = Time resting spent in this place.
 E = Time spent auto-exploring this place.
 F = Levels seen in this place.
 G = Mean time per level.
                   A        B        C        D        E       F      G
               +--------+--------+--------+--------+--------+-----+--------+
         Total |   7313 |   7019 |    294 |    674 |   4935 |  10 |  731.3 |
       Dungeon |   6663 |   6369 |    294 |    603 |   4533 |   8 |  832.9 |
         Sewer |    168 |    168 |      0 |     39 |     89 |   1 |  168.0 |
       Ossuary |    481 |    481 |      0 |     31 |    313 |   1 |  481.0 |
               +--------+--------+--------+--------+--------+-----+--------+

Top non-repeatable levels by time:
     D:6: 1243 daAuts
     D:4: 1124 daAuts
     D:2: 1030 daAuts
     D:1: 882 daAuts
     D:5: 772 daAuts
     D:3: 727 daAuts
     D:7: 529 daAuts
 Ossuary: 481 daAuts
     D:8: 354 daAuts
   Sewer: 168 daAuts
